 Dungeon Crawl Stone Soup version 0.29.0-4-gdea44cf6ec (webtiles) character file.

Game seed: 13485697312594457114

33 qw the Chopper (level 3, -3/21 HPs)
             Began as a Tengu Warper on Aug 28, 2022.
             Slain by a quokka (4 damage)
             ... on level 1 of the Dungeon.
             The game lasted 00:00:04 (662 turns).

qw the Chopper (Tengu Warper)                        Turns: 662, Time: 00:00:05

Health: -3/21      AC:  3    Str: 13    XL:     3   Next: 29%
Magic:  7/7        EV: 12    Int: 13    God:
Gold:   57         SH:  0    Dex: 13    Spells: 6/6 levels left

rFire   . . .      SeeInvis .   Y - +0 hand axe
rCold   . . .      Faith    .   (no shield)
rNeg    . . .      Spirit   .   b - +0 leather armour
rPois   .          Reflect  .   (helmet restricted)
rElec   .          Harm     .   (no cloak)
rCorr   .          Rampage  .   (no gloves)
Will    .....                   (boots unavailable)
Stlth   +.........              (no amulet)
HPRegen 0.07/turn               (no ring)
MPRegen 0.10/turn               (no ring)

@: no status effects
A: beak, talons 3
a: no special abilities


You were on level 1 of the Dungeon.
You visited 1 branch of the dungeon, and saw 2 of its levels.

You collected 57 gold pieces.


Innate Abilities, Weirdness & Mutations

You have a beak for a mouth.
You have claws for feet.


   Skills:
 - Level 2.0 Fighting
 + Level 4.0 Axes
 - Level 1.0 Throwing
 - Level 1.1 Armour
 - Level 2.1 Dodging
 - Level 2.0 Spellcasting
 - Level 2.4 Translocations


You had 6 spell levels left.
You didn't know any spells.
Your spell library contained the following spells:

 Spells                   Type           Power      Damage    Failure   Level
 Blink                    Tloc           14%        N/A       19%         2
 Gell's Gravitas          Tloc           7%         N/A       36%         3
 Lesser Beckoning         Tloc           7%         N/A       36%         3
 Teleport Other           Tloc           7%         N/A       36%         3
 Manifold Assault         Tloc           7%         N/A       98%         5

Inventory:

Hand Weapons
 g - a +0 whip
 Y - a +0 hand axe (weapon)
Armour
 b - a +0 leather armour (worn)
Scrolls
 a - a scroll of noise {unknown}

Dungeon Overview and Level Annotations

Branches:
Dungeon (2/15)

Altars:


Message History

You closely miss the frilled lizard. Your kick misses the frilled lizard.
The frilled lizard barely misses you.
You miss the frilled lizard. Your kick misses the frilled lizard.
The frilled lizard bites you but does no damage.
You closely miss the frilled lizard. Your kick misses the frilled lizard.
Your peck misses the frilled lizard. The frilled lizard barely misses you.
You slash the frilled lizard!
You kill the frilled lizard!
You miss the kobold. The kobold hits you but does no damage.
652 ||| Stepping ~*~*~tactically~*~*~ (stealth).
You hit the kobold.
You kill the kobold!
You closely miss the kobold. Your kick misses the kobold.
The kobold hits you with a +0 whip.
You closely miss the kobold. Your kick misses the kobold.
Your peck misses the kobold. The kobold barely misses you.
656 ||| Stepping ~*~*~tactically~*~*~ (stealth).
The kobold attacks as you move away! The kobold hits you with a +0 whip.
You hit the kobold. Your kick misses the kobold.
The kobold is moderately wounded.
The kobold hits you with a +0 whip.
You hit the kobold.
You kill the kobold!
The quokka bites you.
You closely miss the quokka. Your kick misses the quokka.
Your peck misses the quokka. You barely miss the quokka. You hit the quokka.
The quokka barely misses you. The quokka misses you.
You hit the quokka.
The quokka is almost dead.
You hit the quokka. The quokka bites you. x3
You barely miss the quokka. Your peck misses the quokka.
The quokka is almost dead.
You hit the quokka. The quokka bites you. x2
You die...

#...#..#.###..####.#.#
#.# #+# ...#......
#...#.# #.#
..[.#......##.###.#
#.# .....#.#...#...#
#.###.# ......#
+..####.#...# .......#
#.......#.###
####.....
#+##..######.# ..
#.##r....# #.#
#.##.)r@###.###.#
#...##### #.....#
#.#.# ####### .. ..$
#. ..>.J .. $..g..l ..
.##.##..r . ## .# #g#.
. ###.


You could see 2 quokkas.

Vanquished Creatures
  An adder (D:2)
  A dart slug (D:1)
  A bat (D:2)
  2 endoplasms (D:1)
  A giant cockroach (D:2)
  3 goblins
  2 hobgoblins
  7 kobolds
  A frilled lizard (D:1)
  2 rats
21 creatures vanquished.

Notes
Turn   | Place    | Note
-------+----------+-------------------------------------------
     0 | D:1      | qw the Tengu Warper began the quest for the Orb.
     0 | D:1      | Reached XP level 1. HP: 12/12 MP: 4/4
     0 | D:1      | 0 ||| qw: Version: 0.1-a-89-g26bdef1
     0 | D:1      | 0 ||| qw: Game counter: 966
     0 | D:1      | 0 ||| qw: Always use a shield: true
     0 | D:1      | 0 ||| qw: God list: Okawaru
     0 | D:1      | 0 ||| qw: Allow faded altars: false
     0 | D:1      | 0 ||| qw: Do Orc after D:15 true
     0 | D:1      | 0 ||| qw: Do second Lair branch before Depths: true
     0 | D:1      | 0 ||| qw: Lair rune preference: random
     0 | D:1      | 0 ||| qw: Plans: Normal
     0 | D:1      | 0 ||| PLANNING D:1-11
   233 | D:1      | You fall into a shaft and drop 1 floor!
   243 | D:2      | 243 ||| DROPPING +0 robe of positive energy.
   244 | D:2      | 244 ||| READING scroll labelled LUCULAPHEUL.
   245 | D:2      | 245 ||| READING scroll labelled TAIR LAHI KEUPOUD.
   292 | D:2      | 292 ||| Stepping ~*~*~tactically~*~*~ (stealth).
   293 | D:2      | 293 ||| Stepping ~*~*~tactically~*~*~ (stealth).
   294 | D:2      | 294 ||| DROPPING scroll of blinking.
   323 | D:2      | Reached skill level 3 in Axes
   323 | D:2      | Reached XP level 2. HP: 17/17 MP: 6/6
   342 | D:2      | 342 ||| Stepping ~*~*~tactically~*~*~ (stealth).
   349 | D:2      | 349 ||| Stepping ~*~*~tactically~*~*~ (stealth).
   377 | D:1      | Reached XP level 3. HP: 10/21 MP: 7/7
   540 | D:1      | Found a faded altar of an unknown god.
   638 | D:1      | 638 ||| Stepping ~*~*~tactically~*~*~ (stealth).
   643 | D:1      | Reached skill level 4 in Axes
   643 | D:1      | 643 ||| Stepping ~*~*~tactically~*~*~ (stealth).
   652 | D:1      | 652 ||| Stepping ~*~*~tactically~*~*~ (stealth).
   656 | D:1      | 656 ||| Stepping ~*~*~tactically~*~*~ (stealth).
   661 | D:1      | HP: 5/21 [quokka (3)]
   662 | D:1      | HP: 1/21 [quokka (2)]
   662 | D:1      | Slain by a quokka

Levels and vault maps discovered:
D:1:      ncdulo_halloftheorcs, layout_basic, ebering_ecumenical_altar_hall,
          minmay_ruptured
D:2:      layout_loops_ring, basic_altar, chequers_serial_rivers_small_b

Skill      XL: |  1  2  3 |
---------------+----------+-----
Axes           | 3 4 |  4.0
Fighting       | |  2.0
Throwing       | |  1.0
Armour         | |  1.1
Dodging        | |  2.1
Spellcasting   | |  2.0
Translocations | |  2.4

Action                   || total
-------------------------++-------
Melee: Hand axe          ||    53
       Kick              ||     6
       Peck              ||     6
Throw: Boomerang         ||     7
  Use: Scroll            ||     2
Armor: Leather armour    ||    11
Dodge: Dodged            ||    21

Table legend:
 A = Non-vault XP
 B = Vault XP
 C = Vault XP percentage of total XP
 D = Non-vault monster count
 E = Vault monster count
 F = Vault count percentage of total count
                 A         B        C        D         E       F
            +---------+---------+-------+---------+---------+-------
      Total |      46 |       2 |   4.2 |      19 |       2 |   9.5
            +---------+---------+-------+---------+---------+-------
        D:1 |      22 |       2 |   8.3 |      12 |       2 |  14.3
        D:2 |      24 |       0 |   0.0 |       7 |       0 |   0.0
            +---------+---------+-------+---------+---------+-------
